Map: Ascension to Aiur LE

Players

SortOf - Winner!

  • Race: Zerg Zerg
  • Spawn Location: 5:00

WeRiano

  • Race: Protoss Protoss
  • Spawn Location: 11:00

Event: WCS Jonkoping 2017

VOD

Have the link to the VOD?

Description

Time

  • Played on: June 17, 2017, 6:43 a.m.
  • Length: 13:09

All games in this series

Show
View Real Time Build Order
Export as new Build Order

SortOf Zerg - Winner!

Build Orders: Hatch First 

Get SALT Encoding   

  12  0:01  Drone  
  13  0:12  Overlord  
  13  0:17  Drone  
  14  0:31  Drone x2  
  14  0:35  Drone  
  17  0:51  Hatchery  
  17  0:54  Drone  
  17  0:58  Drone  
  18  1:07  Extractor  
  17  1:12  Spawning Pool  
  17  1:15  Drone  
  17  1:18  Drone  
  18  1:27  Drone  
  19  1:38  Overlord  
  19  1:53  Drone  
  20  1:58  Queen  
  20  2:00  Zergling x2  
  23  2:03  Queen  
  23  2:04  Zergling x2  
  23  2:07  Metabolic Boost  
  26  2:12  Drone  
  26  2:15  Drone  
  28  2:22  Drone  
  29  2:25  Drone  
  30  2:35  Hatchery  
  29  2:41  Overlord  
  29  2:42  Zergling x2  
  30  2:48  Zergling x4  
  32  2:55  Evolution Chamber, Drone  
  32  2:59  Overlord  
  32  3:04  Zergling x2  
  33  3:19  Spore Crawler  
  33  3:20  Zergling x14  
  40  3:29  Zergling x2  
  40  3:30  Zergling x2  
  41  3:36  Queen  
  43  3:44  Zergling x2  
  43  3:45  Zergling x2  
  45  3:52  Zergling x8  
  45  3:53  Zergling x6  
  52  4:03  Zergling x2  
  52  4:04  Zergling x2  
  52  4:08  Overlord  
  52  4:12  Overlord  
  47  4:18  Zerg Melee Weapons Level 1  
  47  4:22  Zergling x8  
  50  4:26  Zergling x4  
  51  4:32  Zergling x4  
  51  4:35  Zergling x4  
  51  4:38  Zergling x2  
  52  4:45  Zergling x6  
  51  4:48  Zergling x2  
  51  4:50  Zergling x2  
  46  4:54  Zergling x4  
  46  4:58  Drone  
  47  5:00  Drone  
  47  5:03  Drone x2  
  47  5:07  Drone  
  51  5:11  Drone x2  
  50  5:15  Drone x2  
  50  5:19  Drone x2  
  52  5:23  Drone  
  52  5:29  Drone x3  
  52  5:30  Drone  
  56  5:37  Spore Crawler x2  
  56  5:40  Spore Crawler  
  50  5:45  Zergling x4  
  50  5:48  Drone x2  
  50  5:49  Drone  
  48  5:50  Drone x2  
  48  6:01  Drone x3  
  51  6:05  Baneling Nest  
  51  6:06  Drone x2  
  51  6:07  Drone x2  
  51  6:11  Overlord  
  54  6:15  Zergling x6  
  57  6:21  Overlord  
  57  6:28  Queen x2  
  57  6:30  Drone  
  61  6:34  Zergling x2, Overlord  
  61  6:35  Zergling x2  
  61  6:37  Zergling x2  
  64  6:41  Zergling x2  
  64  6:42  Zergling x6  
  64  6:46  Queen  
  70  6:51  Zergling x8  
  73  6:59  Zergling x14  
  74  7:04  Zergling x6  
  72  7:11  Drone x2  
  72  7:12  Drone  
  72  7:16  Lair  
  72  7:19  Drone x2  
  74  7:26  Overlord  
  74  7:27  Drone  
  74  7:32  Drone  
  74  7:43  Drone x3  
  75  7:46  Drone x3  
  75  7:48  Drone x3  
  80  7:58  Hatchery, Drone  
  79  8:00  Evolution Chamber, Drone x2  
  79  8:02  Extractor x2  
  79  8:03  Hatchery, Drone x2, Overlord  
  79  8:12  Overlord  
  78  8:13  Zergling x6  
  81  8:20  Centrifical Hooks  
  81  8:23  Extractor x2, Queen  
  81  8:29  Zergling x2  
  81  8:30  Zergling x16  
  90  8:34  Baneling x3  
  90  8:36  Queen x2  
  90  8:40  Drone  
  95  8:44  Extractor  
  95  8:48  Drone x3  
  96  8:50  Zergling x12  
  103  8:56  Baneling x4  
  103  8:58  Queen  
  103  8:59  Drone  
  103  9:02  Overlord  
  99  9:10  Queen, Infestation Pit  
  97  9:17  Drone x10  
  97  9:19  Zerg Melee Weapons Level 2  
  97  9:23  Drone x2  
  109  9:26  Drone x2  
  110  9:31  Baneling  
  110  9:32  Baneling x7  
  110  9:39  Drone x2  
  110  9:41  Zergling x10, Spine Crawler  
  116  9:48  Spine Crawler  
  116  9:49  Spine Crawler  
  116  9:50  Spine Crawler  
  113  9:56  Hive  
  113  10:00  Spore Crawler  
  113  10:01  Spore Crawler, Drone x2  
  113  10:03  Spine Crawler  
  113  10:06  Zergling x8  
  113  10:07  Zergling x2  
  117  10:09  Overlord  
  113  10:19  Overlord  
  113  10:21  Zerg Ground Armor Level 1  
  113  10:23  Overlord  
  113  10:31  Overlord  
  113  10:35  Drone  
  113  10:36  Drone x3  
  113  10:37  Drone x2  
  113  10:38  Zergling x2  
  113  10:39  Zergling x10  
  113  10:40  Overlord  
  125  10:46  Zergling x14  
  125  10:47  Zergling x4  
  134  10:56  Zergling x8  
  138  11:00  Zergling x24  
  138  11:01  Zergling x2  
  146  11:05  Baneling  
  146  11:06  Baneling x9  
  145  11:11  Ultralisk Cavern  
  145  11:15  Pathogen Glands  
  145  11:16  Burrow  
  144  11:27  Adrenal Glands  
  142  11:37  Hatchery  
  138  11:43  Zergling x26  
  145  11:47  Overlord  
  145  11:49  Overlord  
  140  11:55  Overlord  
  140  11:59  Baneling x6  
  140  12:00  Baneling x7  
  140  12:13  Ultralisk x3  
  140  12:14  Zergling x4  
  159  12:23  Spine Crawler  
  159  12:24  Spine Crawler  
  159  12:26  Baneling x9  
  159  12:29  Zergling x12  
  156  12:37  Zergling x4  
  156  12:38  Zergling x22  
  156  12:42  Zergling x2  
  156  12:43  Zergling x6  
  171  12:50  Zergling x6  
Show
View Real Time Build Order
Export as new Build Order

WeRiano Protoss 

Build Orders: 1 Gate Expand, Oracle Opening 

Get SALT Encoding   

  12  0:01  Probe (Chrono Boost)  
  13  0:11  Probe (Chrono Boost)  
  14  0:17  Pylon  
  14  0:23  Probe (Chrono Boost)  
  15  0:36  Probe (Chrono Boost)  
  15  0:39  Gateway  
  16  0:43  Gateway  
  16  0:46  Probe (Chrono Boost)  
  17  0:52  Assimilator  
  18  0:57  Probe (Chrono Boost)  
  18  1:07  Probe (Chrono Boost)  
  19  1:18  Probe (Chrono Boost)  
  20  1:28  Nexus  
  20  1:38  Cybernetics Core  
  20  1:42  Probe (Chrono Boost)  
  21  1:52  Probe (Chrono Boost), Assimilator  
  22  1:58  Pylon  
  22  2:03  Probe (Chrono Boost)  
  23  2:16  Probe (Chrono Boost), Warp Gate (Chrono Boost), Adept (Chrono Boost)  
  26  2:29  Probe  
  27  2:40  Stargate, Adept (Chrono Boost)  
  27  2:41  Probe  
  27  2:42  Probe  
  31  2:53  Probe x2 (Chrono Boost)  
  33  3:04  Adept  
  33  3:05  Probe x2 (Chrono Boost)  
  37  3:15  Probe x2 (Chrono Boost)  
  39  3:25  Probe (Chrono Boost)  
  39  3:26  Probe (Chrono Boost), Oracle (Chrono Boost)  
  41  3:31  Pylon  
  42  3:34  Probe  
  42  3:39  Gateway  
  42  3:40  Probe, Gateway  
  44  3:48  Mothership Core (Chrono Boost)  
  46  3:55  Pylon, Probe (Chrono Boost)  
  47  4:02  Void Ray (Chrono Boost)  
  47  4:09  Probe (Chrono Boost)  
  52  4:16  Probe (Chrono Boost)  
  51  4:20  Cybernetics Core  
  51  4:21  Probe (Chrono Boost)  
  52  4:32  Zealot  
  52  4:35  Zealot x2  
  58  4:40  Probe  
  58  4:41  Probe  
  54  4:53  Gateway  
  54  4:58  Probe, Adept x2  
  54  4:59  Probe  
  58  5:17  Pylon  
  58  5:20  Adept x2  
  61  5:26  Probe  
  61  5:27  Probe  
  60  5:36  Probe  
  60  5:39  Probe, Assimilator x2  
  62  5:47  Probe  
  63  5:51  Probe  
  63  5:53  Adept  
  66  6:08  Probe  
  66  6:09  Probe  
  68  6:13  Adept  
  68  6:16  Pylon  
  70  6:33  Probe  
  70  6:34  Probe  
  70  6:37  Nexus  
  70  6:39  Pylon  
  72  6:40  Adept x2  
  72  6:41  Pylon  
  72  6:47  Robotics Facility  
  76  6:57  Probe  
  76  6:58  Probe  
  75  7:02  Adept  
  71  7:14  Probe  
  67  7:15  Probe  
  67  7:22  Gateway x2  
  67  7:24  Gateway  
  67  7:25  Probe, Twilight Council  
  67  7:28  Probe  
  69  7:30  Adept x3  
  69  7:36  Pylon  
  72  7:37  Pylon  
  63  7:52  Adept x2  
  63  7:53  Adept  
  63  7:58  Immortal (Chrono Boost)  
  73  8:14  Templar Archives  
  73  8:15  Adept  
  73  8:16  Adept  
  77  8:20  Pylon x2  
  77  8:29  Charge, Nexus  
  77  8:30  Pylon  
  77  8:39  Psionic Storm  
  77  8:40  Immortal (Chrono Boost)  
  81  8:47  Probe x2  
  83  8:49  Forge  
  83  8:52  Pylon  
  83  8:53  High Templar x4  
  91  8:57  Pylon  
  91  8:59  Probe  
  92  9:09  Zealot x2  
  88  9:12  Probe x2  
  90  9:24  Gateway x2  
  90  9:27  Gateway  
  90  9:28  Gateway  
  90  9:29  Observer (Chrono Boost)  
  91  9:32  High Templar x2  
  91  9:36  Assimilator  
  91  9:37  Probe x2  
  97  9:40  Assimilator  
  97  9:50  Immortal (Chrono Boost)  
  97  9:51  Probe  
  97  9:52  Probe x2  
  104  9:57  Pylon  
  104  10:01  Probe, High Templar x2  
  104  10:04  Probe x2  
  109  10:18  Archon  
  107  10:26  Stargate  
  107  10:27  Warp Prism (Chrono Boost)  
  109  10:28  Stargate  
  109  10:42  Nexus  
  109  10:45  Pylon  
  109  10:46  Pylon  
  109  10:48  Pylon  
  109  10:51  Adept x5  
  114  10:59  Immortal (Chrono Boost)  
  114  11:01  High Templar x2  
  120  11:14  Probe x2  
  121  11:22  Archon  
  121  11:23  Pylon  
  121  11:27  Pylon  
  121  11:35  Fleet Beacon  
  121  11:36  Immortal (Chrono Boost)  
  120  11:55  Zealot x3, High Templar x2  
  120  11:56  Zealot x3  
  136  12:03  Archon  
  136  12:09  Pylon  
  136  12:15  Pylon, Nexus  
  136  12:21  Sentry x2  
  140  12:25  Pylon  
  140  12:34  Zealot x5  
  113  12:49  Archon x2  
  79  13:06  Zealot  
  79  13:07  Zealot x3  
Tags
 
Add a new tag
Caveats
  • Supply blocks, unpowered buildings, or Contaminate may cause inaccurate times.
  • Supply counts are checked every 10 seconds.